 Dungeon Crawl Stone Soup version 0.28.0-43-g3370ac3207 (webtiles) character file.

Game seed: 1895741270012667611

38992 crimpus the Peltast (level 13, -11/127 HPs)
             Began as a Minotaur Fighter on Mar 29, 2022.
             Was a High Priest of Okawaru.
             Killed by divine providence
             ... invoked by Saint Roka
              (12 damage)
             ... on level 2 of the Orcish Mines on Mar 30, 2022.
             The game lasted 00:40:38 (23980 turns).

crimpus the Peltast (Minotaur Fighter)             Turns: 23980, Time: 00:40:39

Health: -11/127    AC: 25    Str: 29    XL:     13   Next: 66%
Magic:  0/17       EV: 17    Int:  3    God:    Okawaru [*****.]
Gold:   2442       SH: 24    Dex: 18    Spells: 12/12 levels left

rFire   . . .      SeeInvis +   b - +5 war axe (vorpal)
rCold   + + +      Faith    .   J - +0 tower shield {rC+}
rNeg    + . .      Spirit   +   r - quicksilver dragon scales
rPois   .          Reflect  .   I - +2 hat "Femneg" {Dex+3}
rElec   +          Harm     .   (no cloak)
rCorr   .          Rampage  .   l - +1 pair of gloves "Hudghis" {rElec rC+ Dex+5 SInv}
Will    +....                   (no boots)
Stlth   ++........              s - amulet of guardian spirit
HPRegen 0.31/turn               z - +4 ring of evasion
MPRegen 0.15/turn               F - ring "Zuim" {rC++ rN+ AC+4 Str+3 Int-2}

@: about to teleport, heroic, finesse-ful
A: horns 2, retaliatory headbutt, hooves 1, MP-powered wands
a: Renounce Religion, Heroism, Finesse, Duel


You were on level 2 of the Orcish Mines.
You worshipped Okawaru.
Okawaru was extremely pleased with you.
You visited 3 branches of the dungeon, and saw 14 of its levels.
You also visited: Ossuary, Bailey and Ice Cave.

You collected 2442 gold pieces.

Inventory:

Hand Weapons
 b - a +5 vorpal war axe (weapon)
 q - a +2 war axe of holy wrath
 y - a +2 spear of venom
 D - the +8 short sword "Diuska" {antimagic, rPois Int+2}
   (You found it on level 1 of the Orcish Mines)

   It reduces the magical energy of the wielder, and disrupts the spells and
   magical abilities of those it strikes.
   Natural abilities and divine invocations are not affected.
   Int:       It affects your intelligence (+2).
   rPois:     It protects you from poison.
Missiles
 o - 2 atropa-tipped darts
 u - 8 throwing nets (quivered)
Armour
 l - the +1 pair of gloves "Hudghis" (worn) {rElec rC+ Dex+5 SInv}
   (You acquired it on level 5 of the Dungeon)

   Dex:       It affects your dexterity (+5).
   rC:        It protects you from cold.
   rElec:     It insulates you from electricity.
   SInv:      It lets you see invisible.
 r - quicksilver dragon scales (worn)
 G - a +3 plate armour
 I - the +2 hat "Femneg" (worn) {Dex+3}
   (Okawaru gifted it to you on level 2 of the Orcish Mines)

   Dex:       It affects your dexterity (+3).
 J - a +0 tower shield of cold resistance (worn)
Jewellery
 f - the ring "Juhur" {rElec Str+6}
   (You found it on level 9 of the Dungeon)

   [ring of strength]

   Str:       It affects your strength (+6).
   rElec:     It insulates you from electricity.
 s - an amulet of guardian spirit (around neck)
 v - a ring of flight
 z - a +4 ring of evasion (left hand)
 C - a ring of resist corrosion
 F - the ring "Zuim" (right hand) {rC++ rN+ AC+4 Str+3 Int-2}
   (You took it off an efreet on level 9 of the Dungeon)

   [ring of protection]

   AC:        It affects your AC (+4).
   Str:       It affects your strength (+3).
   Int:       It affects your intelligence (-2).
   rC:        It greatly protects you from cold.
   rN:        It protects you from negative energy.
Wands
 m - a wand of digging (8)
 E - a wand of acid (5)
 H - a wand of paralysis (3)
Scrolls
 d - a scroll of holy word
 e - 11 scrolls of identify
 g - a scroll of teleportation
 i - 2 scrolls of amnesia
 k - a scroll of magic mapping
 p - a scroll of fear
 t - 4 scrolls of enchant armour
 w - 2 scrolls of enchant weapon
 A - a scroll of fog
 B - a scroll of blinking
Potions
 a - 4 potions of curing
 c - 4 potions of attraction
 h - a potion of resistance
 j - 3 potions of brilliance
 n - 4 potions of flight
 x - a potion of haste


   Skills:
 * Level 15.5(20.5) Fighting
 - Level 0.3(5.3) Long Blades
 - Level 2.4(7.4) Axes
 * Level 14.2(19.2) Armour
 * Level 17.9(22.9) Shields
 * Level 7.2 Invocations


You had 12 spell levels left.
You didn't know any spells.
Your spell library contained the following spells:

 Spells                   Type           Power      Damage    Failure   Level
 Foxfire                  Conj/Fire      0%         2x1d4     75%         1
 Ensorcelled Hibernation  Hex/Ice        0%         N/A       87%         2
 Passwall                 Tmut/Erth      0%         N/A       87%         2
 Conjure Flame            Conj/Fire      0%         6-21      98%         3
 Gell's Gravitas          Tloc           0%         N/A       98%         3
 Inner Flame              Hex/Fire       0%         N/A       98%         3
 Swiftness                Air            0%         N/A       98%         3
 Teleport Other           Tloc           0%         N/A       98%         3
 Anguish                  Hex/Necr       0%         N/A       100%        4
 Flame Wave               Conj/Fire      0%         2d4       100%        4
 Olgreb's Toxic Radiance  Pois           0%         N/A       100%        4
 Freezing Cloud           Conj/Ice/Air   0%         6-21      100%        5
 Enfeeble                 Hex            0%         N/A       100%        7
 Chain Lightning          Conj/Air       0%         N/A       100%        9
 Fire Storm               Conj/Fire      0%         5d1       100%        9
 Polar Vortex             Ice            0%         N/A       100%        9
 Shatter                  Erth           0%         3d5*      100%        9
 Tukima's Dance           Hex            Unusable   N/A       N/A         3
 Simulacrum               Ice/Necr       Unusable   N/A       N/A         6

Dungeon Overview and Level Annotations

Branches:
Dungeon (11/15)            Temple (1/1) D:4            Lair (0/6) D:8
    Orc (2/2) D:9         Ossuary (visited)          Bailey (visited)
  IceCv (visited)
    Elf: Orc:2

Altars:
Ashenzari
Cheibriados
Elyvilon
Fedhas
Gozag
Hepliaklqana
Kikubaaqudgha
Makhleb
Nemelex Xobeh
Okawaru
Qazlal
Ru
Sif Muna
Trog
Uskayaw
Vehumet
Wu Jian
Xom
Yredelemnul
Zin
The Shining One
Beogh
Lugonu

Shops:
D:7 ?   D:8 (   D:9 [   Orc:2 (

Annotations:
Orc:2 Saint Roka


Innate Abilities, Weirdness & Mutations

You have a pair of horns on your head.
You reflexively headbutt those who attack you in melee.
You have large cloven feet.
You expend magic power (3 MP) to strengthen your wands.


Message History

You block Saint Roka's attack.
You slash Saint Roka! You kick Saint Roka.
You headbutt Saint Roka, but do no damage.
Saint Roka is heavily wounded.
You slice Saint Roka!! You headbutt Saint Roka!!
Saint Roka is severely wounded.
Saint Roka calls down the wrath of Beogh upon you.
Beogh smites you!
You barely miss Saint Roka. You kick Saint Roka, but do no damage.
You headbutt Saint Roka!
Saint Roka is severely wounded.
You barely miss Saint Roka. You kick Saint Roka, but do no damage.
Saint Roka is severely wounded.
Saint Roka mumbles some strange prayers to Beogh against you.
Beogh smites you!
* * * LOW HITPOINT WARNING * * *
You closely miss Saint Roka. You kick Saint Roka, but do no damage.
You headbutt Saint Roka.
Saint Roka is severely wounded.
Saint Roka mumbles some strange prayers to Beogh against you.
Beogh smites you!
* * * LOW HITPOINT WARNING * * *
You completely miss Saint Roka. You kick Saint Roka, but do no damage.
Saint Roka is severely wounded.
You hit Saint Roka but do no damage. You kick Saint Roka.
Saint Roka is severely wounded.
Saint Roka calls down the wrath of Beogh upon you.
Beogh smites you!
* * * LOW HITPOINT WARNING * * *
You feel better.
Saint Roka hits you with a +0 battleaxe!
* * * LOW HITPOINT WARNING * * *
As you read the scroll of teleportation, it crumbles to dust.
You feel strangely unstable.
Saint Roka invokes the aid of Beogh against you.
Beogh smites you!
* * * LOW HITPOINT WARNING * * *
Saint Roka mumbles some strange prayers to Beogh against you.
Beogh smites you!
You die...

...# ##..)##
.....# #...##
......###...##
......##))).#
#.....##.).##
#.....#.)..#
#...))##...#
#..).)#...#
#.o)@.##..##
#.)))..#...#
##.....)...#
##........#
.8...8...8.#
o...........+
.h8...8...8.#
..##..^.....#
.##.........#


You could see Saint Roka.

Vanquished Creatures
  A frost giant (IceCv)
  A stone giant (Orc:1)
  3 ettins (Orc:1)
  A catoblepas (D:9)
  7 two-headed ogres
  4 death yaks (IceCv)
  2 orc high priests (Orc:2)
  An orc knight (Orc:2)
  2 ugly things
  16 cyclopes
  An ice statue (IceCv)
  Joseph (D:7)
  A kobold demonologist (D:9)
  An efreet (D:9)
  A rime drake (IceCv)
  A komodo dragon (D:10)
  5 polar bears (IceCv)
  A troll (D:11)
  2 hornets (D:9)
  A dream sheep (shapeshifter) (D:9)
  19 yaks
  Sigmund (D:5)
  A vampire (D:8)
  2 wyverns
  A basilisk (D:9)
  2 wraiths
  2 steam dragons
  7 wargs
  An acid dragon (D:10)
  3 water moccasins
  5 black bears
  2 hornet zombies
  20 orc warriors
  A swamp drake (Ossuary)
  A sky beast (D:5)
  2 necrophages
  24 wolves
  5 centaurs
  13 ogres
  A phantom (D:7)
  3 kobold brigands
  9 scorpions (Ossuary)
  A bullfrog (D:9)
  11 gnoll sergeants
  A water moccasin skeleton (D:4)
  5 wights (D:10)
  2 howler monkeys (D:8)
  7 centaur zombies
  4 human zombies (Ossuary)
  18 orc priests
  5 hounds
  3 centaur skeletons
  4 iguanas
  A jelly (D:5)
  2 bullfrog skeletons (D:6)
  8 gnoll shamans
  5 scorpion zombies (Ossuary)
  15 orc wizards
  A centaur simulacrum (D:9)
  A hound zombie (D:5)
  A hound skeleton (D:5)
  3 mummies (Ossuary)
  Robin (D:4)
  2 howler monkey skeletons
  8 adders
  23 gnolls
  12 white imps (Orc:1)
  2 ufetubi
  An adder skeleton (D:4)
  3 worms
  4 dart slugs
  87 orcs
  3 bat zombies (D:7)
  3 endoplasms
  22 goblins
  5 hobgoblins
  2 jackals (D:4)
  24 kobolds
  5 quokkas
  7 ball pythons
  3 bats
  6 frilled lizards
  6 gnoll zombies (Ossuary)
  4 goblin zombies (Ossuary)
  A kobold zombie (Ossuary)
  4 orc zombies (Ossuary)
  A quokka skeleton (D:4)
  5 rats
  A rat zombie (D:7)
521 creatures vanquished.

Vanquished Creatures (others)
  An orc (Orc:2)
  A plant (Orc:1)
2 creatures vanquished.

Grand Total: 523 creatures vanquished

Notes
Turn   | Place    | Note
-------+----------+-------------------------------------------
     0 | D:1      | crimpus the Minotaur Fighter began the quest for the Orb.
     0 | D:1      | Reached XP level 1. HP: 19/19 MP: 0/0
   257 | D:1      | Reached XP level 2. HP: 27/27 MP: 1/1
   681 | D:1      | Reached skill level 4 in Shields
  1014 | D:2      | Reached XP level 3. HP: 31/33 MP: 2/2
  1622 | D:2      | Identified the +3 buckler "Acuappem" {rF- Int+3 Dex+2}
  1722 | D:2      | Identified a scroll of acquirement
  1722 | D:2      | Acquired 286 gold pieces
  1944 | D:3      | Reached XP level 4. HP: 41/41 MP: 3/3
  2190 | D:3      | Reached skill level 5 in Armour
  2381 | D:3      | Found an opulent altar of Gozag.
  2417 | D:3      | Reached XP level 5. HP: 42/47 MP: 4/4
  2835 | D:4      | Found a basalt altar of Yredelemnul.
  2962 | D:4      | Found a sand-covered staircase.
  2972 | Ossuary  | Entered an ossuary
  3011 | Ossuary  | Reached skill level 5 in Fighting
  3027 | Ossuary  | Reached skill level 5 in Shields
  3027 | Ossuary  | Reached XP level 6. HP: 40/56 MP: 5/5
  3943 | Ossuary  | Reached XP level 7. HP: 38/63 MP: 6/6
  4586 | Ossuary  | Reached skill level 6 in Shields
  4926 | Ossuary  | Gained mutation: You are somewhat resistant to further
                  | mutation. [potion of mutation]
  5901 | Ossuary  | Reached XP level 8. HP: 39/73 MP: 7/7
  6504 | D:4      | Noticed Robin
  6519 | D:4      | Killed Robin
  6741 | D:4      | Found a staircase to the Ecumenical Temple.
  6755 | Temple   | Entered the Ecumenical Temple
  6773 | Temple   | Became a worshipper of Warmaster Okawaru
  7363 | D:4      | Found a glowing golden altar of the Shining One.
  7363 | D:4      | Found a white marble altar of Elyvilon.
  7364 | D:4      | Found a glowing silver altar of Zin.
  7529 | D:5      | Entered Level 5 of the Dungeon
  7661 | D:5      | Reached skill level 7 in Shields
  7962 | D:5      | Reached skill level 1 in Invocations
  8481 | D:5      | Acquired the +1 pair of gloves "Hudghis" {rElec rC+ Dex+5
                  | SInv}
  8789 | D:6      | Reached skill level 10 in Armour
  8860 | D:6      | Reached * piety under Okawaru
  8983 | D:5      | Reached XP level 9. HP: 82/82 MP: 9/9
  9504 | D:6      | Noticed Sigmund
  9523 | D:5      | Killed Sigmund
  9638 | D:6      | Reached skill level 8 in Shields
 10039 | D:6      | Found a snail-covered altar of Cheibriados.
 10582 | D:7      | Found Ycweer's Magic Scroll Shop.
 10582 | D:7      | You fall into a shaft and drop 3 floors!
 10582 | D:10     | Entered Level 10 of the Dungeon
 10594 | D:10     | Reached ** piety under Okawaru
 10771 | D:10     | Found a bloodstained altar of Trog.
 10771 | D:10     | Found a shimmering altar of Xom.
 11156 | D:10     | Reached skill level 9 in Shields
 11157 | D:10     | Found a flagged portal.
 11168 | Bailey   | Entered a bailey
 12596 | Bailey   | Reached XP level 10. HP: 61/91 MP: 8/11
 13076 | Bailey   | Reached *** piety under Okawaru
 13603 | D:10     | Reached skill level 10 in Shields
 14097 | D:10     | Reached skill level 10 in Fighting
 14405 | D:11     | Noticed a two-headed ogre
 14415 | D:11     | Killed a two-headed ogre
 14658 | D:11     | Noticed a cyclops
 14669 | D:11     | Killed a cyclops
 14669 | D:11     | Reached **** piety under Okawaru
 14670 | D:11     | Reached skill level 11 in Shields
 14671 | D:11     | Noticed a cyclops
 14700 | D:11     | Killed a cyclops
 14730 | D:11     | Noticed a two-headed ogre
 14737 | D:11     | Killed a two-headed ogre
 15099 | D:11     | Noticed a gargoyle
 15135 | D:9      | Reached XP level 11. HP: 102/102 MP: 13/13
 15145 | D:9      | Found Syri's Armour Shoppe.
 15145 | D:9      | Found a staircase to the Orcish Mines.
 15315 | D:8      | Found a staircase to the Lair.
 15337 | D:8      | Reached ***** piety under Okawaru
 15517 | D:7      | Reached skill level 12 in Shields
 15541 | D:7      | Noticed Joseph
 15549 | D:7      | Killed Joseph
 15619 | D:7      | Found an ancient bone altar of Kikubaaqudgha.
 16059 | D:8      | Found a stormy altar of Qazlal.
 16074 | D:8      | Found Ileah's Weapon Shop.
 16089 | D:8      | Found a burning altar of Makhleb.
 16093 | D:8      | Found an ornate altar of the Wu Jian Council.
 16476 | D:8      | Found a hide-covered altar of Uskayaw.
 16577 | D:8      | Noticed a two-headed ogre
 16590 | D:8      | Killed a two-headed ogre
 16590 | D:8      | Identified the +0 kite shield of the Known World {+Inv
                  | rPois} (Okawaru gifted it to you on level 8 of the Dungeon)
 16590 | D:8      | Received a gift from Okawaru
 17474 | D:9      | Reached skill level 13 in Shields
 17474 | D:9      | Reached skill level 5 in Invocations
 17736 | D:9      | Noticed a catoblepas
 17899 | D:9      | Identified the ring "Zuim" {rC++ rN+ AC+4 Str+3 Int-2}
 17928 | D:9      | HP: 3/104 [efreet/+0 scimitar of flaming (4)]
 18051 | D:9      | Noticed a purple ugly thing
 18323 | D:9      | Killed a purple ugly thing
 18386 | D:9      | Identified the ring "Busk" {Fire Dex+3}
 18404 | D:9      | Identified the ring "Juhur" {rElec Str+6}
 18549 | D:9      | Killed a catoblepas
 18674 | D:9      | Lost mutation: You are somewhat resistant to further
                  | mutation. [potion of mutation]
 18674 | D:9      | Gained mutation: You are agile. (Dex +2) [potion of
                  | mutation]
 18674 | D:9      | Lost mutation: You are agile. (Dex +2) [potion of mutation]
 18674 | D:9      | Gained mutation: You expend magic power (3 MP) to
                  | strengthen your wands. [potion of mutation]
 18674 | D:9      | Gained mutation: You have large cloven feet. [potion of
                  | mutation]
 18819 | Orc:1    | Entered Level 1 of the Orcish Mines
 18905 | Orc:1    | Noticed an ettin
 18916 | Orc:1    | Killed an ettin
 18917 | Orc:1    | Reached skill level 14 in Shields
 18917 | Orc:1    | Reached XP level 12. HP: 43/113 MP: 5/15
 19293 | Orc:1    | Found a frozen archway.
 19315 | IceCv    | Entered an ice cave
 19600 | IceCv    | Identified the -2 pair of gloves of Sojeodghi {SInv}
 19757 | IceCv    | Reached skill level 15 in Shields
 19797 | IceCv    | Identified the +5 scimitar of Ferraixi {vorpal, Int-3
                  | Dex+6} (Okawaru gifted it to you in an ice cave)
 19797 | IceCv    | Received a gift from Okawaru
 19948 | IceCv    | Noticed a death yak
 19968 | IceCv    | Killed a death yak
 20586 | IceCv    | Noticed a death yak
 20587 | IceCv    | Noticed a frost giant
 20587 | IceCv    | Noticed a death yak
 20587 | IceCv    | Noticed a death yak
 20605 | IceCv    | Killed a death yak
 20612 | IceCv    | Killed a death yak
 21218 | IceCv    | Killed a frost giant
 21218 | IceCv    | Received a gift from Okawaru
 21219 | IceCv    | Reached skill level 16 in Shields
 21328 | IceCv    | Killed a death yak
 21840 | Orc:1    | Identified the +2 ring mail "Yhuas" {Int+2} (Okawaru gifted
                  | it to you on level 1 of the Orcish Mines)
 21840 | Orc:1    | Received a gift from Okawaru
 22134 | Orc:1    | Reached XP level 13. HP: 124/124 MP: 16/16
 22729 | Orc:1    | Reached skill level 17 in Shields
 22942 | Orc:1    | Noticed an ettin
 22943 | Orc:1    | Noticed an ettin
 22949 | Orc:1    | Noticed a stone giant
 22957 | Orc:1    | Killed an ettin
 22963 | Orc:1    | Killed an ettin
 22973 | Orc:1    | Killed a stone giant
 22974 | Orc:1    | Reached skill level 15 in Fighting
 23082 | Orc:1    | Got the Reference Book on Dislocated Envenoming
 23095 | Orc:1    | Identified the +4 battleaxe of Xiroh {vorpal, rElec}
 23097 | Orc:1    | Identified the +3 dagger "Surchake" {pain, Int+2 Dex+3}
 23101 | Orc:1    | Identified the +8 short sword "Diuska" {antimagic, rPois
                  | Int+2}
 23183 | Orc:2    | Entered Level 2 of the Orcish Mines
 23219 | Orc:2    | Identified the +2 hat "Femneg" {Dex+3} (Okawaru gifted it
                  | to you on level 2 of the Orcish Mines)
 23219 | Orc:2    | Received a gift from Okawaru
 23654 | Orc:2    | Found Bafrash's Weapon Emporium.
 23952 | Orc:2    | Noticed Saint Roka
 23979 | Orc:2    | HP: 1/127 [Saint Roka/divine providence (13)]
 23980 | Orc:2    | Killed from afar by Saint Roka

Illustrated notes

Levels and vault maps discovered:
D:1:      co_arrival_square_in_a_square_in_a_square, layout_basic
D:2:      layout_loops_ring, hangedman_decor_points
D:3:      layout_loops_ring, nicolae_gozag_seed_capital
D:4:      minmay_angry_zag, layout_loops_ring, good_gods_temple_1,
          mainiacjoe_overflow_24_doors, minmay_temple_entry_offerings,
          enter_ossuary_1, minmay_cut_off, uniq_robin
D:5:      layout_gridville, grunt_decor_mini_mirrors
D:6:      layout_gridville, kennysheep_mini, grunt_ministairs_1, uniq_sigmund
D:7:      layout_loops_cross, lemuel_zombie_altar_kikubaaqudgha, serial_shops,
          shop, uniq_joseph
D:8:      layout_basic, mainiacjoe_overflow_alcove_4, lemuel_tele_altar,
          chequers_temple_overflow_statue_of_worship, david_lair_generic,
          serial_shops, nicolae_shop_bloodbath_and_beyond, nzn_life_drinkers
D:9:      minmay_the_grid_triangle_9x9_recursive_2
          [minmay_the_grid_triangle_9x9_prize_special,
          minmay_the_grid_triangle_9x9_odd_lines,
          minmay_the_grid_triangle_9x9_dagger,
          minmay_the_grid_triangle_9x9_wacky_v], layout_long_grid, orc_david_3
D:10:     layout_roguey, mainiacjoe_overflow_large_starburst, enter_bailey_3,
          amcnicky_mini_pool_small, minmay_quadrilaterals
D:11:     layout_long_grid, gauntlet_entry_generic
Temple:   corrupted_temple
Orc:1:    giant_chief_lemuel, layout_caves, portal_ice_cave_entry_imps
Orc:2:    pubby_orc_utopia

Skill      XL: |  1  2  3  4  5  6  7  8  9 10 11 12 13 |
---------------+----------------------------------------+-----
Armour         | 4 5 6 7 8 10 11 12 13 14 | 14.2
Fighting       | 4 5 6 7 8 9 11 12 14 15 | 15.5
Shields        | 4 5 6 7 9 11 14 16 17 | 17.9
Invocations    | 1 3 4 5 6 7 |  7.2
Long Blades    | |  0.3
Axes           | |  2.4

Action                   |  1- 3 |  4- 6 |  7- 9 | 10-12 | 13-15 || total
-------------------------+-------+-------+-------+-------+-------++-------
Melee: War axe           |    87 |       |       |   528 |   205 ||   820
       Headbutt          |     7 |    26 |    91 |   139 |    50 ||   313
       Hand axe          |     5 |   156 |   378 |       |       ||   539
       Spear             |       |       |   115 |    84 |       ||   199
       Long sword        |       |       |    11 |       |       ||    11
       Kick              |       |       |       |    96 |    73 ||   169
Invok: Heroism           |       |       |     2 |     8 |     3 ||    13
       Finesse           |       |       |       |     1 |     3 ||     4
Evoke: Wand              |       |       |     3 |       |       ||     3
  Use: Scroll            |     7 |     2 |    13 |     4 |     2 ||    28
       Potion            |       |     2 |     6 |     5 |     1 ||    14
 Stab: Invisible         |       |       |       |     1 |       ||     1
Armor: Scale mail        |    40 |    57 |   100 |       |       ||   197
       Skin              |       |       |    19 |       |       ||    19
       Chain mail        |       |       |    83 |       |       ||    83
       Plate armour      |       |       |    13 |    16 |       ||    29
       Quicksilver drago |       |       |       |   253 |    48 ||   301
Dodge: Dodged            |    34 |    58 |   164 |   345 |    81 ||   682
Block: Buckler           |    24 |    42 |   227 |   175 |       ||   468
       Kite shield       |       |       |       |   278 |       ||   278
       Tower shield      |       |       |       |    31 |   243 ||   274
